Map: Rhoskallian LE

Players

Liken - Winner!

  • Race: Protoss Protoss
  • League: Diamond
  • Spawn Location: 6:00

Sego - Winner!

  • Race: Zerg Zerg
  • Spawn Location: 5:00

qqq

  • Race: Zerg Zerg
  • Spawn Location: 11:00

Massa

  • Race: Terran Terran
  • League: Platinum
  • Spawn Location: 12:00

VOD

Have the link to the VOD?

Description

Time

  • Played on: Feb. 28, 2021, 9:39 a.m.
  • Length: 15:23
Show
View Real Time Build Order
Export as new Build Order

Liken Protoss - Winner!

Build Orders: 1 Gate Expand, Forge Fast Expand (FFE) 

Get SALT Encoding   

  12  0:02  Probe  
  13  0:17  Pylon  
  13  0:19  Probe  
  14  0:31  Probe (Chrono Boost)  
  15  0:41  Gateway  
  16  0:43  Probe (Chrono Boost)  
  16  0:47  Probe (Chrono Boost)  
  17  0:55  Forge  
  17  1:00  Probe  
  18  1:11  Assimilator  
  18  1:21  Probe  
  19  1:36  Nexus  
  18  1:42  Probe  
  19  1:52  Pylon  
  19  2:01  Probe, Cybernetics Core  
  20  2:07  Assimilator  
  20  2:15  Probe  
  21  2:27  Photon Cannon  
  21  2:31  Probe  
  22  2:39  Warp Gate  
  22  2:42  Adept  
  22  2:43  Probe  
  25  2:55  Probe  
  26  3:00  Probe  
  26  3:03  Shield Battery  
  27  3:07  Probe  
  28  3:12  Probe  
  28  3:19  Probe  
  30  3:22  Stargate  
  30  3:25  Probe  
  31  3:31  Probe  
  31  3:32  Stargate  
  32  3:37  Probe  
  33  3:45  Probe  
  33  3:47  Shield Battery  
  34  3:51  Assimilator  
  34  3:53  Pylon  
  34  3:57  Adept  
  36  4:04  Void Ray (Chrono Boost)  
  40  4:16  Gateway, Void Ray (Chrono Boost)  
  44  4:27  Probe x2  
  46  4:36  Adept  
  48  4:39  Probe, Protoss Ground Armor Level 1 (Chrono Boost)  
  48  4:43  Probe  
  50  4:51  Probe  
  49  5:13  Phoenix x2  
  53  5:14  Probe  
  53  5:18  Assimilator  
  53  5:19  Pylon  
  54  5:22  Pylon  
  54  5:26  Pylon  
  54  5:32  Twilight Council  
  54  5:37  Probe  
  54  5:38  Probe  
  57  5:50  Probe x2  
  58  6:02  Probe x2  
  60  6:12  Phoenix  
  60  6:13  Phoenix  
  60  6:14  Probe x2  
  64  6:24  Photon Cannon  
  62  6:26  Probe x2  
  62  6:29  Blink (Chrono Boost)  
  64  6:37  Phoenix (Chrono Boost)  
  64  6:38  Probe, Pylon  
  63  6:44  Gateway, Protoss Ground Weapons Level 1 (Chrono Boost)  
  63  6:46  Gateway  
  63  6:47  Phoenix (Chrono Boost)  
  63  6:53  Nexus  
  65  6:54  Pylon  
  65  6:56  Stalker x2  
  69  7:02  Gateway  
  69  7:03  Gateway  
  69  7:10  Probe x2  
  69  7:11  Phoenix  
  73  7:16  Phoenix  
  73  7:22  Probe  
  76  7:29  Photon Cannon  
  76  7:30  Photon Cannon  
  76  7:33  Probe, Pylon  
  76  7:35  Void Ray  
  81  8:04  Phoenix  
  81  8:15  Probe x3  
  81  8:18  Phoenix  
  81  8:19  Assimilator  
  84  8:23  Assimilator  
  84  8:24  Stalker x2  
  84  8:25  Shield Battery  
  84  8:26  Charge (Chrono Boost)  
  88  8:27  Probe x2  
  88  8:28  Probe  
  88  8:29  Pylon, Shield Battery  
  91  8:38  Dark Shrine  
  91  8:39  Probe  
  91  8:40  Probe x2  
  94  8:47  Stalker x2  
  98  8:50  Stalker  
  98  8:51  Probe  
  98  8:52  Probe x2  
  101  9:04  Probe  
  96  9:23  Void Ray x2  
  94  9:27  Probe x3  
  105  9:32  Zealot x2  
  105  9:33  Zealot x4  
  117  9:41  Probe x3  
  120  9:53  Probe x2  
  120  9:54  Probe  
  120  9:55  Nexus  
  120  9:58  Pylon  
  123  10:00  Pylon  
  121  10:07  Stalker x2  
  121  10:10  Pylon  
  121  10:12  Pylon  
  125  10:16  Probe x2  
  125  10:17  Fleet Beacon  
  125  10:21  Photon Cannon, Pylon  
  127  10:22  Photon Cannon  
  127  10:24  Photon Cannon  
  127  10:26  Photon Cannon  
  127  10:29  Shield Battery  
  127  10:31  Shield Battery  
  127  10:35  Pylon  
  127  10:36  Probe x2, Assimilator  
  127  10:37  Protoss Ground Armor Level 2 (Chrono Boost)  
  127  10:41  Shadow Stride  
  127  10:42  Assimilator  
  129  10:49  Templar Archives  
  129  10:51  Gateway  
  129  10:55  Flux Vanes  
  129  10:59  Gateway  
  129  11:04  Gateway  
  129  11:05  Gateway  
  129  11:16  Probe x2  
  129  11:17  Psionic Storm, Void Ray x2  
  139  11:32  Stalker x4  
  145  11:33  Stalker  
  145  11:39  Pylon  
  149  11:41  Probe x2  
  151  11:54  Void Ray x2 (Chrono Boost)  
  151  11:58  Zealot  
  151  11:59  Zealot x3  
  163  12:20  High Templar x3  
  163  12:21  High Templar x4  
  177  12:25  Void Ray x2 (Chrono Boost)  
  177  12:27  Probe x4  
  181  12:32  Photon Cannon  
  189  12:54  Nexus  
  189  12:56  Pylon  
  189  12:58  Void Ray  
  189  12:59  Void Ray  
  155  13:19  Dark Templar x4  
  163  13:20  Dark Templar x3  
  169  13:44  Zealot x3  
  149  14:17  Archon x3  
  149  14:29  Photon Cannon  
  149  14:31  Photon Cannon  
  147  14:33  Photon Cannon  
  147  14:35  Photon Cannon  
  147  14:37  Photon Cannon  
  143  14:40  Photon Cannon  
  143  14:42  Pylon  
  143  14:45  Assimilator  
  143  14:46  Probe x2  
  143  14:47  Zealot x2  
  143  14:48  Zealot x4  
  143  14:49  Zealot x3, Assimilator  
  143  14:50  Zealot  
  143  14:52  Pylon  
Show
View Real Time Build Order
Export as new Build Order

Sego Zerg - Winner!

Build Orders: Hatch First, Muta Ling Bane 

Get SALT Encoding   

  12  0:00  Drone  
  13  0:13  Overlord  
  13  0:18  Drone  
  14  0:32  Drone x2  
  16  0:52  Hatchery  
  16  0:55  Drone  
  16  1:00  Drone x2  
  18  1:16  Spawning Pool  
  17  1:18  Extractor  
  17  1:20  Drone  
  17  1:23  Drone  
  18  1:30  Drone  
  19  1:41  Drone  
  20  1:50  Drone  
  21  2:04  Queen x2  
  21  2:06  Drone x2  
  27  2:12  Overlord  
  27  2:16  Drone  
  27  2:21  Metabolic Boost  
  28  2:37  Hatchery  
  27  2:39  Zergling x2  
  28  2:45  Drone x2  
  28  2:50  Queen  
  32  2:54  Drone  
  33  3:01  Overlord  
  33  3:02  Drone x2  
  35  3:07  Baneling Nest  
  35  3:10  Drone  
  35  3:17  Drone  
  36  3:22  Drone x2  
  36  3:23  Drone x2  
  36  3:25  Drone x2  
  42  3:31  Overlord  
  42  3:40  Spine Crawler  
  41  3:42  Zergling x4  
  41  3:44  Spine Crawler  
  43  3:48  Zergling x6  
  43  3:54  Baneling  
  45  3:56  Zergling x8  
  49  4:08  Drone  
  49  4:09  Overlord  
  50  4:11  Lair  
  50  4:13  Extractor  
  50  4:15  Extractor  
  50  4:16  Extractor  
  47  4:23  Baneling x2  
  47  4:24  Zergling x6  
  47  4:28  Overlord  
  47  4:29  Zergling x4  
  47  4:30  Zergling x4  
  54  4:32  Baneling  
  54  4:35  Spine Crawler  
  50  4:48  Zergling x8  
  50  4:49  Zergling x4  
  45  4:59  Drone  
  45  5:00  Drone  
  45  5:06  Drone x3  
  49  5:16  Drone x3  
  52  5:22  Drone  
  52  5:25  Drone  
  52  5:26  Drone  
  55  5:34  Spire  
  55  5:35  Drone x2  
  56  5:38  Hatchery  
  56  5:41  Drone x3  
  58  5:45  Overlord  
  58  5:56  Baneling x2  
  58  5:57  Baneling x2  
  58  5:58  Drone x5  
  58  5:59  Drone  
  58  6:03  Extractor  
  63  6:07  Drone x3  
  66  6:13  Drone x4  
  66  6:14  Drone  
  67  6:27  Drone x7  
  67  6:28  Drone  
  71  6:33  Zergling x4  
  71  6:36  Overlord x3  
  73  6:40  Extractor  
  72  6:54  Mutalisk x7  
  72  6:56  Mutalisk  
  72  6:58  Mutalisk  
  90  7:07  Drone x3  
  90  7:08  Drone x3  
  96  7:13  Drone x2  
  96  7:14  Evolution Chamber  
  97  7:15  Evolution Chamber  
  97  7:18  Mutalisk x2  
  100  7:25  Centrifical Hooks  
  100  7:31  Zergling x6  
  100  7:34  Overlord x4  
  101  8:04  Mutalisk  
  101  8:05  Mutalisk x6  
  115  8:07  Drone x3  
  115  8:08  Drone x5  
  120  8:14  Zergling x4  
  120  8:17  Extractor, Spore Crawler  
  120  8:18  Extractor  
  120  8:19  Drone x3, Spore Crawler  
  121  8:24  Drone  
  122  8:28  Drone x5  
  122  8:34  Overseer  
  127  8:36  Zergling x8  
  127  8:37  Zergling x2  
  127  8:39  Extractor, Zerg Ground Armor Level 1, Zerg Melee Weapons Level 1  
  127  8:40  Hatchery  
  130  8:41  Zergling x2  
  130  8:42  Zergling x2  
  130  8:43  Extractor  
  130  8:47  Baneling  
  130  8:48  Baneling x6  
  131  8:49  Baneling x5  
  131  8:55  Baneling x2  
  131  8:56  Baneling x3, Zergling x4  
  131  8:57  Zergling x4  
  102  9:19  Mutalisk  
  102  9:20  Mutalisk x4  
  102  9:22  Drone  
  102  9:23  Drone x9  
  116  9:36  Drone x4  
  116  9:37  Drone x5  
  125  9:43  Zergling x6  
  125  9:44  Zerg Flyer Weapons Level 1  
  128  9:51  Mutalisk  
  128  9:52  Mutalisk x3  
  136  9:56  Mutalisk x2  
  140  10:02  Overlord x4  
  140  10:03  Queen  
  140  10:05  Overlord x3  
  142  10:17  Infestation Pit  
  142  10:19  Queen  
  143  10:21  Mutalisk  
  143  10:22  Mutalisk x5  
  143  10:23  Spine Crawler x2  
  153  10:30  Zergling x2  
  153  10:31  Zergling x26  
  153  10:35  Overseer x2  
  167  10:43  Zergling x12  
  167  10:46  Zerg Ground Armor Level 2, Zerg Melee Weapons Level 2  
  173  10:56  Hive  
  173  11:04  Baneling  
  173  11:05  Baneling x15  
  173  11:06  Baneling x4  
  173  11:07  Zergling x20  
  173  11:08  Zergling x12  
  189  11:24  Zergling x2  
  189  11:25  Zergling x14  
  158  12:03  Zergling x2  
  158  12:04  Zergling x34  
  168  12:13  Zergling x4  
  168  12:14  Zergling x6  
  171  12:18  Ultralisk Cavern, Adrenal Glands  
  171  12:21  Zergling x10  
  170  12:25  Baneling  
  170  12:26  Baneling x7, Overlord  
  170  12:27  Overlord  
  170  12:31  Baneling  
  170  12:36  Spine Crawler  
  169  12:37  Spine Crawler x3  
  169  12:38  Spine Crawler x2  
  169  12:39  Spine Crawler, Baneling  
  169  12:40  Baneling x23  
  169  12:41  Baneling x10, Spine Crawler  
  169  12:42  Zergling x2  
  169  12:43  Zergling x14  
  167  12:52  Zergling x2  
  167  12:53  Zergling x12  
  159  13:05  Zergling x2  
  159  13:06  Zergling x12  
  159  13:26  Zergling x2  
  158  13:27  Zergling x26  
  159  13:42  Ultralisk x6  
  159  13:45  Chitinous Plating  
  192  13:59  Zergling x2  
  192  14:00  Ultralisk  
  197  14:13  Baneling  
  197  14:14  Baneling x16  
  179  14:52  Overlord  
Show
View Real Time Build Order
Export as new Build Order

qqq Zerg 

Build Orders: Hatch First, Brood Lord Corruptor 

Get SALT Encoding   

  12  0:04  Drone  
  13  0:12  Drone  
  14  0:31  Overlord  
  14  0:50  Hatchery  
  14  0:54  Drone x2  
  15  1:03  Drone  
  16  1:32  Drone x3, Extractor, Spawning Pool  
  17  1:50  Drone  
  18  1:57  Drone  
  19  2:04  Drone  
  20  2:22  Drone x2  
  22  2:23  Drone  
  22  2:24  Queen x2  
  22  2:27  Drone  
  28  2:34  Overlord  
  28  2:36  Metabolic Boost  
  28  2:41  Overlord  
  28  2:54  Drone  
  28  2:55  Drone  
  28  2:56  Zergling x2  
  31  3:00  Zergling x2  
  31  3:01  Overlord  
  32  3:16  Zergling x2  
  32  3:17  Zergling x2  
  33  3:22  Zergling x2  
  33  3:23  Zergling x2  
  35  3:28  Baneling Nest  
  35  3:32  Lair  
  35  3:34  Zergling x2  
  35  3:42  Zergling x2  
  35  3:43  Zergling x2  
  35  3:46  Drone  
  38  3:50  Zergling x2  
  38  3:52  Zergling x2  
  38  3:53  Hatchery  
  38  3:55  Zergling x2  
  40  3:58  Drone  
  40  4:00  Zergling x2  
  42  4:08  Zergling x2  
  42  4:09  Overlord  
  43  4:18  Baneling x4  
  43  4:22  Drone, Zergling x2  
  45  4:27  Drone, Zergling x6  
  49  4:34  Zergling x2  
  49  4:35  Overlord  
  43  4:54  Zergling x8  
  43  4:56  Drone  
  43  4:57  Drone x3  
  43  4:59  Extractor  
  44  5:00  Spore Crawler  
  43  5:09  Queen  
  43  5:10  Drone  
  46  5:14  Drone  
  46  5:15  Drone  
  46  5:19  Drone x2  
  46  5:20  Drone  
  51  5:34  Drone x2  
  51  5:35  Spire  
  52  5:45  Baneling x3  
  52  5:48  Extractor  
  52  5:49  Extractor, Drone x5  
  55  5:50  Drone  
  55  5:51  Drone  
  57  6:09  Drone  
  57  6:10  Drone x3  
  57  6:11  Zergling x4  
  62  6:25  Zergling x6  
  61  6:26  Drone x3, Zergling x4  
  61  6:27  Zergling x4  
  61  6:30  Extractor x2  
  67  6:52  Mutalisk x2  
  67  6:53  Mutalisk  
  73  6:56  Overlord x4  
  73  7:05  Drone, Spine Crawler  
  73  7:07  Overlord  
  73  7:08  Overlord  
  73  7:14  Queen  
  75  7:18  Corruptor  
  75  7:19  Mutalisk  
  75  7:20  Mutalisk, Spore Crawler  
  80  7:24  Mutalisk  
  80  7:27  Mutalisk  
  80  7:29  Drone  
  85  7:42  Mutalisk x2, Infestation Pit  
  88  7:44  Drone  
  87  7:57  Corruptor  
  87  7:58  Corruptor  
  81  8:18  Drone x8  
  81  8:19  Drone  
  90  8:21  Overlord  
  90  8:24  Overlord  
  90  8:37  Hive  
  90  8:39  Zerg Flyer Weapons Level 1  
  90  8:41  Corruptor  
  90  8:47  Spore Crawler  
  91  9:01  Corruptor x3  
  93  9:12  Corruptor x2  
  64  9:25  Corruptor x2  
  64  9:30  Drone x4  
  72  9:46  Drone x3, Corruptor  
  72  9:49  Drone x2  
  79  10:05  Corruptor  
  81  10:10  Viper x2  
  81  10:11  Viper  
  90  10:21  Drone x4  
  90  10:22  Corruptor  
  90  10:23  Viper  
  99  10:33  Zerg Flyer Armor Level 1  
  99  10:37  Drone  
  99  10:38  Drone x2  
  102  10:45  Corruptor x2  
  102  10:47  Hatchery  
  105  10:55  Overlord  
  105  10:56  Overlord x3  
  105  11:13  Corruptor x3  
  105  11:16  Drone x2  
  113  11:28  Corruptor x3  
  119  11:34  Spine Crawler  
  118  11:43  Mutalisk  
  118  11:44  Mutalisk x3  
  118  11:45  Zergling x14  
  112  12:20  Drone x2  
  112  12:21  Drone x9  
  123  12:25  Spine Crawler  
  122  12:34  Baneling x6  
  122  12:35  Baneling x8  
  122  12:47  Corruptor  
  122  12:51  Hatchery  
  117  13:00  Hatchery  
  93  13:07  Zergling x6  
  93  13:08  Zergling x18  
  95  13:14  Greater Spire  
  95  13:15  Mutalisk  
  95  13:16  Zergling x2  
  98  13:23  Spine Crawler  
  98  13:25  Spine Crawler  
  96  13:27  Spine Crawler  
  83  13:41  Baneling x6  
  80  13:42  Baneling x3  
  80  13:54  Baneling  
  80  13:55  Baneling x9  
  75  14:06  Zergling x12  
  76  14:26  Brood Lord x3  
  78  14:43  Brood Lord  
  78  14:45  Brood Lord  
  78  14:50  Brood Lord  
Show
View Real Time Build Order
Export as new Build Order

Massa Terran 

Build Orders:  

Get SALT Encoding   

  12  0:00  SCV  
  13  0:12  SCV  
  14  0:19  Supply Depot  
  14  0:24  SCV  
  15  0:41  SCV  
  16  0:43  Barracks  
  16  0:53  SCV  
  16  0:56  Refinery  
  17  1:21  SCV  
  18  1:41  Orbital Command  
  18  1:45  Command Center  
  18  1:49  Barracks Reactor  
  18  2:06  Supply Depot  
  18  2:07  SCV  
  19  2:17  Factory  
  19  2:21  SCV  
  20  2:25  Marine x2  
  22  2:32  Barracks  
  22  2:42  SCV  
  22  2:43  Marine x2  
  25  2:57  SCV  
  26  3:01  Orbital Command, Marine x2  
  28  3:07  Supply Depot  
  28  3:15  Hellion  
  30  3:20  Barracks Tech Lab  
  30  3:24  Marine x2  
  32  3:28  SCV x2  
  32  3:33  Refinery  
  34  3:41  Stimpack  
  34  3:42  Marine x2  
  36  3:52  Hellion  
  36  3:53  Marine  
  39  3:57  SCV x2  
  39  4:00  Marine x2  
  43  4:04  Engineering Bay  
  43  4:11  Marine  
  43  4:12  SCV  
  43  4:13  SCV  
  43  4:14  Hellion  
  48  4:25  SCV x2  
  50  4:34  Missile Turret  
  50  4:37  Missile Turret  
  50  4:40  Marine x3  
  50  4:44  Hellion  
  45  4:58  Marine x2  
  44  5:07  SCV  
  44  5:08  SCV, Missile Turret  
  44  5:10  Factory Tech Lab  
  44  5:20  SCV x2  
  46  5:26  Command Center  
  46  5:28  Combat Shield  
  46  5:29  Marine x3  
  46  5:31  Cyclone  
  46  5:32  SCV x2  
  54  5:39  Barracks x2  
  54  5:41  Terran Infantry Weapons Level 1  
  52  5:47  Marine  
  52  5:49  Refinery  
  53  5:51  Refinery  
  49  6:08  SCV  
  49  6:09  SCV  
  49  6:15  Missile Turret  
  47  6:18  Siege Tank  
  47  6:20  SCV  
  47  6:21  SCV  
  52  6:45  SCV x2  
  52  6:46  SCV  
  55  6:49  Barracks Reactor  
  55  6:50  Barracks Tech Lab  
  55  6:52  Marine  
  55  6:53  Marauder, Marine  
  59  6:57  SCV  
  59  6:58  SCV x2  
  59  7:00  Sensor Tower  
  62  7:04  Refinery, Missile Turret  
  62  7:08  Starport  
  62  7:09  SCV  
  62  7:10  Marine  
  64  7:17  Mag-Field Accelerator, Siege Tank  
  64  7:19  Marine x2  
  69  7:28  Supply Depot  
  69  7:35  Supply Depot  
  69  7:38  Terran Infantry Armor Level 1  
  69  7:39  Supply Depot  
  69  7:49  SCV x2, Marine x2  
  73  8:01  SCV  
  74  8:12  Medivac  
  76  8:21  Missile Turret  
  76  8:23  Armory  
  76  8:27  Factory  
  76  8:29  SCV x2  
  76  8:32  Planetary Fortress  
  78  8:41  SCV x2  
  78  8:42  Medivac  
  78  8:43  Concussive Shells  
  78  8:44  Cyclone  
  78  8:46  Marauder, Marine x3  
  78  8:47  Marine x2  
  92  8:53  SCV  
  93  9:03  SCV  
  93  9:04  Marine x2  
  88  9:12  Marine x3  
  88  9:13  Marine  
  73  9:22  Marine x2, Medivac  
  70  9:25  Factory Reactor  
  70  9:27  Thor  
  70  9:29  SCV x3  
  70  9:30  Marine x4  
  83  9:36  Missile Turret  
  83  9:40  Marine x2  
  83  9:41  SCV x3  
  83  9:42  Terran Infantry Weapons Level 2  
  83  9:43  Missile Turret  
  83  9:44  Missile Turret, Terran Vehicle Weapons Level 1  
  88  9:48  Marine  
  88  9:49  Marauder x2, Engineering Bay  
  92  9:53  SCV x2  
  90  10:15  Terran Infantry Armor Level 2  
  90  10:17  Marine x2  
  90  10:18  Marine  
  93  10:26  Barracks  
  93  10:31  Barracks  
  93  10:33  Barracks  
  93  10:38  Supply Depot  
  93  10:39  Drilling Claws  
  93  10:40  Supply Depot x2  
  93  10:41  Supply Depot  
  93  10:42  Supply Depot  
  93  10:59  Marine x4  
  93  11:00  Widow Mine x2  
  93  11:01  Marine x2  
  103  11:09  Sensor Tower  
  103  11:13  Sensor Tower  
  103  11:17  Marine  
  103  11:18  Marauder  
  106  11:19  Marauder  
  106  11:21  Widow Mine x2  
  112  11:29  Barracks Reactor, Barracks Tech Lab  
  112  11:30  Barracks Tech Lab  
  112  11:31  Marine x3  
  115  11:35  Marine  
  115  11:39  Marauder  
  98  11:40  Marine  
  98  11:43  Widow Mine  
  77  11:48  Marauder, Marine  
  77  11:49  Marine x3, Siege Tank  
  77  11:50  Widow Mine  
  77  11:53  Marine  
  91  11:55  Starport Reactor  
  91  11:57  Smart Servos  
  91  11:59  Marauder  
  88  12:04  Widow Mine, Marauder  
  88  12:06  Marauder, Marine  
  88  12:07  Marine x2  
  97  12:09  Marauder, Marine x2  
  97  12:11  Widow Mine, Marine  
  104  12:20  Marauder  
  104  12:24  Marine x3, Thor  
  104  12:25  Marine  
  104  12:27  Marine x2  
  104  12:28  Marauder, Marine  
  119  12:30  Marauder  
  89  13:06  Thor  
  89  13:09  Marauder x3, Marine x4  
  89  13:10  Marauder  
  89  13:11  Widow Mine  
  89  13:12  Widow Mine  
  84  13:27  Ghost Academy  
  84  13:33  Widow Mine x2  
  69  13:41  Marine  
  69  13:42  Marauder x2  
  69  13:44  Marauder x2, Marine x2  
  69  13:45  Marine x3  
  75  13:49  Thor  
  81  13:59  Marine  
  81  14:02  Marine x2  
  83  14:03  Marauder x2  
  83  14:05  Marauder x2  
  74  14:25  Marauder x2  
  74  14:27  Marauder x2  
  74  14:30  Medivac x2  
  40  14:48  Marauder  
  25  15:01  Marine x2  
Tags
 
Add a new tag
Caveats
  • Supply blocks, unpowered buildings, or Contaminate may cause inaccurate times.
  • Supply counts are checked every 10 seconds.